 Dungeon Crawl Stone Soup version 0.24-a0-584-g9d6b971ae4 (webtiles) character file.

Game seed: 13722891904371379955, levelgen mode: deterministic

245 Eightlegvermin the Insei (level 6, -8/38 HPs)
             Began as an Octopode Transmuter on Aug 31, 2019.
             Mangled by Grinder (10 damage)
             ... while paralysed by Grinder
             ... on level 4 of the Dungeon.
             The game lasted 00:13:38 (4587 turns).

Eightlegvermin the Insei (Octopode Transmuter)      Turns: 4587, Time: 00:13:39

Health: -8/38      AC:  2    Str: 10    XL:     6   Next: 10%
Magic:  5/9        EV:  5    Int: 15    God:
Gold:   156        SH:  0    Dex: 23    Spells: 2/9 levels left

rFire    . . .     SeeInvis .     - Unarmed
rCold    . . .     Gourm    .   (shield currently unavailable)
rNeg     . . .     Faith    .   (helmet currently unavailable)
rPois    x         Spirit   .   h - amulet of inaccuracy (curse)
rElec    .         Reflect  .   n - ring of wizardry
rCorr    .         Harm     .   l - +4 ring of dexterity
MR       .....                  (no ring)
Stlth    +++.......             (no ring)
HPRegen  0.12/turn              (no ring)
MPRegen  0.11/turn              (no ring)
                                (no ring)
                                (no ring)

@: paralysed, lethally poisoned (-8 -> -32), confusing touch, spider-form
(expiring), very slightly contaminated
A: tiny, almost no armour, stealthy swim, (amphibious), 8 rings, (constrict 8)
a: End Transformation


You were on level 4 of the Dungeon.
You were hungry.
You were a venomous arachnid creature.
You visited 1 branch of the dungeon, and saw 4 of its levels.

You collected 156 gold pieces.

Inventory:

Missiles
 a - 39 arrows
Jewellery
 h - a cursed amulet of inaccuracy (around neck)
 l - a +4 ring of dexterity (right front leg)
 n - a ring of wizardry (left front leg)
Scrolls
 d - 4 scrolls of identify
 f - 2 scrolls of amnesia
 k - a scroll of enchant armour
Potions
 b - a potion of cancellation {unknown}
 e - 3 potions of curing
 g - 2 potions of ambrosia {unknown}
 i - a potion of degeneration {unknown}
 m - a potion of might
Comestibles
 c - 8 rations


   Skills:
 - Level 1.0 Fighting
 - Level 2.1 Dodging
 - Level 3.0 Stealth
 + Level 4.7 Unarmed Combat
 - Level 2.1 Spellcasting
 + Level 4.1 Transmutations


You had 2 spell levels left.
You knew the following spells:

 Your Spells              Type           Power        Failure   Level  Hunger
a - Beastly Appendage     Tmut           ##....       5%          1    #......
b - Sticks to Snakes      Tmut           ##......     7%          2    ###....
c - Spider Form           Tmut/Pois      #.........   22%         3    ###....
z - Confusing Touch       Hex            #.....       19%         1    #......

Your spell library contained the following spells:

 Spells                   Type           Power        Failure   Level  Hunger
 Confuse                  Hex            #.......     41%         3    ###....
 Gell's Gravitas          Tloc           #.........   41%         3    ###....
 Ice Form                 Ice/Tmut       #.......     52%         4    #####..
 Petrify                  Tmut/Erth      #.......     52%         4    #####..
 Blade Hands              Tmut           ##........   56%         5    ######.
 Yara's Violent Unravell  Hex/Tmut       #.........   82%         5    ######.
 Metabolic Englaciation   Hex/Ice        #.........   96%         5    ######.


Dungeon Overview and Level Annotations

Branches:
Dungeon (4/15)
 Temple: D:4-7

Altars:
Cheibriados
Elyvilon
Hepliaklqana
Makhleb
Nemelex Xobeh
Vehumet

Annotations:
D:4 Grinder


Innate Abilities, Weirdness & Mutations

You cannot wear most types of armour.
You are very stealthy in the water. (Stealth+)
((You are amphibious.))
You can wear up to eight rings at the same time.
((You can use your tentacles to constrict eight enemies at once.))
((Your skin changes colour to match your surroundings (Stealth+).))
((Your rubbery body absorbs attacks. (AC +1, EV +1)))


Message History

An adder comes into view.
Casting: Confusing Touch (safe; 19% risk of failure)
Confirm with . or Enter, or press ? or * to list all spells.
Your front legs begin to glow red.
Grinder shouts!
The adder hisses angrily.
You hit Grinder but do no damage. Grinder gestures at you.
You suddenly lose the ability to move!
Grinder hits you!
You writhe in agony.
The adder bites you. x2
You are poisoned.
The adder poisons you! Grinder hits you.
* * * LOW HITPOINT WARNING * * *
* * * LOW HITPOINT WARNING * * *
You feel sick. The adder bites you.
* * * LOW HITPOINT WARNING * * *
You are more poisoned.
The adder poisons you! Grinder hits you!
You die...

..##+## .......
....... .#.
....... ....
.......##+##..#
#......<..#.##
#...S......).#
#...5s.........
#..........##..
#.........## .
#..........#
..............
≈..#########...#
§≈. ..## §≈ .#


You could see Grinder and an adder.

Vanquished Creatures
  A crimson imp (D:3)
  Terence (D:2)
  4 gnolls (D:2)
  5 adders
  2 worms (D:2)
  A dart slug (D:3)
  2 leopard geckos (D:2)
  6 orcs (D:3)
  A ball python (D:2)
  6 giant cockroaches
  7 goblins
  7 hobgoblins
  10 jackals
  2 quokkas
  8 bats
  8 frilled lizards
  9 kobolds
  8 rats
88 creatures vanquished.

Notes
Turn   | Place    | Note
-------+----------+-------------------------------------------
     0 | D:1      | Eightlegvermin the Octopode Transmuter began the quest for
                  | the Orb.
     0 | D:1      | Reached XP level 1. HP: 13/13 MP: 3/3
   234 | D:1      | Reached XP level 2. HP: 17/18 MP: 5/5
   803 | D:1      | Reached skill level 1 in Stealth
   959 | D:1      | Reached XP level 3. HP: 23/23 MP: 4/6
  1110 | D:1      | Learned a level 2 spell: Sticks to Snakes
  1114 | D:1      | Learned a level 3 spell: Spider Form
  1269 | D:2      | Found a burning altar of Makhleb.
  1546 | D:2      | Found a radiant altar of Vehumet.
  1568 | D:2      | Reached XP level 4. HP: 7/28 MP: 5/7
  2035 | D:2      | Found a sparkling altar of Nemelex Xobeh.
  2260 | D:2      | Noticed Terence
  2277 | D:2      | Killed Terence
  2690 | D:2      | Reached XP level 5. HP: 29/33 MP: 6/8
  3011 | D:2      | Found a white marble altar of Elyvilon.
  3235 | D:3      | Found a snail-covered altar of Cheibriados.
  4040 | D:3      | Learned a level 1 spell: Confusing Touch
  4091 | D:3      | Reached XP level 6. HP: 36/38 MP: 6/9
  4212 | D:3      | Found a hazy altar of Hepliaklqana.
  4578 | D:4      | Noticed Grinder
  4584 | D:4      | Paralysed by Grinder for 7 turns
  4587 | D:4      | Mangled by Grinder

Levels and vault maps discovered:
D:1:      matt_arrival_los_fun, layout_basic, serial_bayou,
          serial_bayou_crossing, serial_bayou_shore_a, serial_bayou_shore_b,
          serial_bayou_lagoon_a, chequers_serial_rivers_marsh,
          minmay_indecisive_spiral
D:2:      layout_loops_cross, lemuel_round_altar, lemuel_crystal_altar,
          nemelex_xobeh_ov_fountains_minmay, lemuel_round_altar, uniq_terence
D:3:      layout_basic, cheibriados_altar_1, lemuel_round_altar, first_ration,
          kennysheep_generic_room_3
D:4:      layout_gridville, nicolae_dithmenos_shadow_blocks,
          kennysheep_mini_moat, minmay_temple_entry_mist, small_statue_alley_b,
          uniq_grinder, uniq_duvessa, uniq_natasha

Skill      XL: |  1  2  3  4  5 |
---------------+----------------+-----
Stealth        | 1 2 3 |  3.0
Transmutations | 3 4 |  4.1
Unarmed Combat | 4 |  4.7
Fighting       | |  1.0
Dodging        | |  2.1
Spellcasting   | |  2.1

Action                   |  1- 3 |  4- 6 || total
-------------------------+-------+-------++-------
Melee: Unarmed           |    82 |   115 ||   197
       Constrict         |    23 |    27 ||    50
       Tentacles         |    19 |    20 ||    39
       Kick              |    13 |    21 ||    34
       Punch             |       |     5 ||     5
 Cast: Beastly Appendage |    19 |    24 ||    43
       Spider Form       |       |     3 ||     3
       Confusing Touch   |       |     5 ||     5
  Use: Scroll            |     2 |     4 ||     6
 Stab: Sleeping          |     8 |     5 ||    13
  Eat: Chunk             |     2 |    10 ||    12
Armor: Skin              |     9 |     4 ||    13
Dodge: Dodged            |    54 |    71 ||   125

Table legend:
 A = Non-vault XP
 B = Vault XP
 C = Vault XP percentage of total XP
 D = Non-vault monster count
 E = Vault monster count
 F = Vault count percentage of total count
                 A         B        C        D         E       F
            +---------+---------+-------+---------+---------+-------
      Total |     309 |      41 |  11.7 |      82 |       6 |   6.8
            +---------+---------+-------+---------+---------+-------
        D:1 |      28 |       7 |  20.0 |      19 |       4 |  17.4
        D:2 |     150 |      32 |  17.6 |      35 |       1 |   2.8
        D:3 |     131 |       2 |   1.5 |      28 |       1 |   3.4
            +---------+---------+-------+---------+---------+-------
